 Dungeon Crawl Stone Soup version 0.30-a0-949-g53dc5368d7 (webtiles) character file.

Game seed: 17374817629344189638

14156 FallingFreak the Fighter (level 12, -1/106 HPs)
             Began as a Ghoul Warper on Mar 26, 2023.
             Was a Follower of Vehumet.
             Constricted to death by a naga warrior (2 damage)
             ... summoned by a worldbinder
             ... on level 3 of the Abyss on Mar 27, 2023.
             The game lasted 02:25:32 (20833 turns).

FallingFreak the Fighter (Ghoul Warper)            Turns: 20833, Time: 02:25:33

Health: -1/106     AC: 18    Str: 16    XL:     12   Next: 13%
Magic:  21/21      EV:  8    Int: 15    God:    Vehumet [*.....]
Gold:   393        SH:  0    Dex: 12    Spells: 10/24 levels left

rFire   + . .      SeeInvis +    b - +1 glaive of an ice cave {drain, Int-3 Dex+4}
rCold   + . .      Faith    .    (shield currently unavailable)
rNeg    + + +      Spirit   .    D - +4 ring mail of Virtue {*Slow rF+ SInv}
rPois   ∞          Reflect  .    x - +0 helmet
rElec   .          Rampage  .    e - +1 cloak {Stlth+}
rCorr   .                        l - +0 pair of gloves
Will    .....                    j - +1 pair of boots
Stlth   ++                       (no amulet)
HPRegen 0.00/turn                p - ring of see invisible
MPRegen 0.17/turn                v - +6 ring of intelligence

@: about to teleport, inhibited regen, constricted
A: claws 1, cold resistance 1, negative energy resistance 3, inhibited
regeneration, torment resistance 2, devour on kill
a: Renounce Religion


You were on level 3 of the Abyss.
You worshipped Vehumet.
Vehumet was aware of your devotion.
You visited 3 branches of the dungeon, and saw 15 of its levels.
You visited the Abyss 1 time.

You collected 696 gold pieces.
You spent 303 gold pieces at shops.

Inventory:

Hand Weapons
 a - a +1 dagger of venom
 b - the +1 glaive of an ice cave (weapon) {drain, Int-3 Dex+4}
   (You took it off an orc on level 6 of the Dungeon)

   Int:       It affects your intelligence (-3).
   Dex:       It affects your dexterity (+4).
 u - a +7 war axe
 U - the +4 falchion of Slow Death {flame, Str-3 Int+4}
   (You took it off an orc on level 4 of the Dungeon)

   Str:       It affects your strength (-3).
   Int:       It affects your intelligence (+4).
Missiles
 f - 6 boomerangs
 s - 6 javelins
 B - 7 boomerangs of dispersal {!f}
 I - 2 atropa-tipped darts
 J - 4 poisoned darts
 W - 7 curare-tipped darts (quivered)
Armour
 e - a +1 cloak of stealth (worn)
 j - a +1 pair of boots (worn)
 l - a +0 pair of gloves (worn)
 x - a +0 helmet (worn)
 D - the +4 ring mail of Virtue (worn) {*Slow rF+ SInv}
   (You found it on level 4 of the Dungeon)

   rF:        It protects you from fire.
   SInv:      It lets you see invisible.
   *Slow:     It may slow you when you take damage.
 O - the +1 leather armour "Qopa" {rElec rF+}
   (You found it on level 3 of the Dungeon)

   rF:        It protects you from fire.
   rElec:     It insulates you from electricity.
Jewellery
 p - a ring of see invisible (left hand)
 v - a +6 ring of intelligence (right hand)
 N - a ring of protection from fire
Wands
 i - a wand of digging (9)
 n - a wand of iceblast (21)
 o - a wand of flame (26)
 L - a wand of light (1)
 P - a wand of polymorph (1)
Scrolls
 c - a scroll of enchant weapon {unknown}
 g - 5 scrolls of teleportation
 h - 3 scrolls of magic mapping
 y - a scroll of fog
 F - a scroll of fear
 G - 3 scrolls of poison
 H - 2 scrolls of immolation
Potions
 d - 2 potions of haste
 k - a potion of heal wounds {unknown}
 m - a potion of mutation {unknown}
 z - 2 potions of curing
 A - 2 potions of cancellation
 X - 4 potions of brilliance


   Skills:
 + Level 9.8 Fighting
 + Level 8.2 Polearms
 - Level 0.8 Throwing
 + Level 8.0 Armour
 - Level 1.7 Dodging
 - Level 6.7 Spellcasting
 + Level 2.9 Conjurations
 - Level 7.7 Translocations
 + Level 2.9 Air Magic


You had 10 spell levels left.
You knew the following spells:

 Your Spells              Type           Power      Damage    Failure   Level
c - Blink                 Tloc           56%        N/A       1%          2
j - Manifold Assault      Tloc           28%        N/A       10%         4
A - Teleport Other        Tloc           28%        N/A       3%          3
B - Mephitic Cloud        Conj/Pois/Air  10%        N/A       30%         3
Z - Lesser Beckoning      Tloc           56%        N/A       1%          2

Your spell library contained the following spells:

 Spells                   Type           Power      Damage    Failure   Level
 Shock                    Conj/Air       52%        1d6       7%          1
 Gell's Gravitas          Tloc           28%        N/A       3%          3
 Magic Dart               Conj           52%        1d5       7%          1
 Vhi's Electric Charge    Tloc/Air       42%        N/A       8%          3
 Call Imp                 Summ           5%         N/A       34%         2
 Ignite Poison            Fire/Tmut/Pois 5%         N/A       56%         3
 Sticky Flame             Conj/Fire      9%         2d3       77%         4
 Dispersal                Tloc           14%        N/A       83%         6
 Ignition                 Fire           2%         3d3       100%        8


Dungeon Overview and Level Annotations

Branches:
Dungeon (13/15) Zot: 26168  Temple (1/1) D:6 Zot: 5815    Lair (1/5) D:11 Zot: 5998
    Orc (0/2) D:9
 Vaults: D:13-14

Altars:
Ashenzari
Cheibriados
Dithmenos
Fedhas
Gozag
Hepliaklqana
Kikubaaqudgha
Makhleb
Nemelex Xobeh
Okawaru
Qazlal
Ru
Sif Muna
Trog
Uskayaw
Vehumet
Wu Jian
Xom
Yredelemnul

Shops:
D:1 !   D:3 *   D:7 =   D:8 [   D:10 **

Annotations:
D:6 2 transporters, Menkaure
D:7 1 runed translucent door, Crazy Yiuf
D:9 exclusions: door and two-headed ogre
D:10 2 transporters, exclusion: two-headed ogre
D:11 4 exclusions


Innate Abilities, Weirdness & Mutations

You are immune to poison.
You have sharp fingernails.
Your flesh is cold resistant. (rC+)
You are immune to negative energy. (rN+++)
You do not regenerate when monsters are visible.
You are immune to unholy pain and torment.
You thrive by killing the living.


Message History

A smoke demon comes into view.
As you read the scroll of fog, it crumbles to dust.
The scroll dissolves into smoke.
The smoke demon roars!
You hear an angry squeal.
As you read the scroll of teleportation, it crumbles to dust.
You feel strangely unstable.
You feel the power of the Abyss delaying your translocation!
The worldbinder calls forth creatures from the Snake Pit!
A large abomination comes into view.
The black mamba barely misses you. The black mamba closely misses you.
The black mamba bites you but does no damage.
A large abomination comes into view.
The black mamba bites you but does no damage.
The black mamba bites you.
* * * LOW HITPOINT WARNING * * *
The black mamba bites you but does no damage. x2
The black mamba bites you.
* * * LOW HITPOINT WARNING * * *
The black mamba bites you!
* * * LOW HITPOINT WARNING * * *
The black mamba closely misses you. The black mamba bites you.
* * * LOW HITPOINT WARNING * * *
You feel better.
The black mamba disappears in a puff of smoke!
The worldbinder calls forth creatures from the Snake Pit!
You feel better.
The naga warrior hits you with a +0 halberd!
* * * LOW HITPOINT WARNING * * *
The naga warrior grabs you. The naga warrior constricts you.
* * * LOW HITPOINT WARNING * * *
Okay, then.
Unknown command.
The naga warrior spits poison at you.
The splash of poison hits you but does no damage.
You resist. The naga warrior constricts you.
* * * LOW HITPOINT WARNING * * *
The worldbinder calls forth creatures from the Snake Pit!
The naga warrior hits you but does no damage.
The naga warrior constricts you.
You die...

. §
#
#N#
.X .
.
#@#
. .
.###
. .
. +
.
.#.
.


You could see a naga warrior (summoned, catching breath), a worldbinder, 2 black
mambas and a smoke demon.

Vanquished Creatures
  2 two-headed ogres
  A death drake (D:13)
  Pikel (D:7)
  A deep elf pyromancer (D:12)
  2 cyclopes
  A manticore (D:12)
  Maurice (D:9)
  A moth of wrath (D:10)
  A smoke demon (Abyss:3)
  A gargoyle (D:12)
  A kobold demonologist (D:13)
  3 trolls
  Prince Ribbit (D:7)
  A blink frog (D:11)
  2 hornets
  A tarantella (shapeshifter) (D:12)
  8 slime creatures
  2 shadows
  A wraith (D:10)
  A wyvern (D:9)
  A golden eye (D:10)
  Grum (D:11)
  A large abomination (Abyss:3)
  A steam dragon (D:7)
  2 wargs (D:10)
  2 water moccasins
  2 sky beasts
  4 orc warriors
  2 ice beasts
  A black bear (D:5)
  3 wolves
  An ogre (D:7)
  5 centaurs
  4 kobold brigands
  2 lemures (D:6)
  A gnoll sergeant (D:10)
  3 bullfrogs
  3 small abominations (Abyss:3)
  2 scorpions
  A two-headed ogre simulacrum (D:11)
  5 wights
  5 hounds
  8 orc priests
  3 gnoll boudas
  4 jellies
  2 sleepcaps
  Ijyb (D:3)
  Natasha (twice) (D:3)
  2 iguanas
  16 orc wizards
  A troll simulacrum (D:11)
  2 spriggan simulacra (D:11)
  19 gnolls
  12 adders
  A naga simulacrum (D:11)
  3 white imps (D:5)
  3 worms
  A dart slug (D:4)
  36 orcs
  7 bats
  8 endoplasms
  8 giant cockroaches
  9 goblins
  11 hobgoblins
  2 jackals (D:4)
  20 kobolds
  A quokka (D:1)
  15 ball pythons
  6 frilled lizards
  5 rats
293 creatures vanquished.

Vanquished Creatures (collateral kills)
  An orc wizard (D:3)
  3 orcs (D:3)
4 creatures vanquished.

Vanquished Creatures (others)
  A troll (D:13)
  An orc (D:6)
  A plant (D:11)
3 creatures vanquished.

Grand Total: 300 creatures vanquished

Notes
Turn   | Place    | Note
-------+----------+-------------------------------------------
     0 | D:1      | FallingFreak the Ghoul Warper began the quest for the Orb.
     0 | D:1      | Reached XP level 1. HP: 17/17 MP: 2/2
   577 | D:1      | Reached skill level 1 in Armour
   730 | D:1      | Reached XP level 2. HP: 25/25 MP: 3/3
   752 | D:1      | Learned a level 2 spell: Blink
   755 | D:1      | Learned a level 2 spell: Lesser Beckoning
   924 | D:1      | Found Duonuj's Distillery.
  1406 | D:2      | Increase (s)trength, (i)ntelligence, or (d)exterity?
  1406 | D:2      | Reached XP level 3. HP: 28/30 MP: 5/5
  1410 | D:2      | Found a faded altar of an unknown god.
  1754 | D:2      | Reached XP level 4. HP: 37/37 MP: 6/6
  2300 | D:3      | Noticed Ijyb
  2404 | D:3      | Reached skill level 3 in Fighting
  2624 | D:3      | Reached XP level 5. HP: 45/45 MP: 7/7
  2629 | D:3      | Learned a level 3 spell: Teleport Other
  3107 | D:3      | Found Ixing's Assorted Antiques.
  3116 | D:3      | Identified the +1 leather armour "Qopa" {rElec rF+}
  3482 | D:3      | Noticed Natasha
  3505 | D:3      | Killed Natasha
  3887 | D:3      | Killed Ijyb
  3888 | D:3      | Reached XP level 6. HP: 37/51 MP: 9/9
  3947 | D:4      | Noticed a water moccasin
  4253 | D:4      | Identified the +4 ring mail of Virtue {*Slow rF+ SInv}
  4369 | D:4      | Identified the +4 falchion of Slow Death {flame, Str-3
                  | Int+4}
  4405 | D:4      | Killed a water moccasin
  4943 | D:3      | Noticed Natasha
  4958 | D:3      | Killed Natasha
  5275 | D:3      | Reached skill level 4 in Fighting
  5516 | D:4      | Reached XP level 7. HP: 59/59 MP: 10/10
  5989 | D:5      | Entered Level 5 of the Dungeon
  6921 | D:5      | Reached XP level 8. HP: 67/67 MP: 12/12
  7947 | D:5      | Reached skill level 5 in Fighting
  8294 | D:5      | Upgraded the game from 0.30-a0-948-g4fa250aae5 to
                  | 0.30-a0-949-g53dc5368d7
  8322 | D:6      | Found a sacrificial altar of Ru.
  8878 | D:6      | Found a staircase to the Ecumenical Temple.
  9048 | D:6      | Reached skill level 5 in Translocations
  9598 | Temple   | Entered the Ecumenical Temple
  9819 | D:6      | Found a basalt altar of Yredelemnul.
  9821 | D:6      | Found an ancient bone altar of Kikubaaqudgha.
  9982 | D:6      | Found a transporter.
  9985 | D:6      | Noticed Menkaure
  9994 | D:6      | Found a transporter.
 10224 | D:6      | Identified the +1 glaive of an ice cave {drain, Int-3
                  | Dex+4}
 10257 | D:7      | Noticed Pikel
 10386 | D:7      | Killed Pikel
 10387 | D:7      | Reached skill level 6 in Fighting
 10387 | D:7      | Reached skill level 5 in Polearms
 10387 | D:7      | Increase (s)trength, (i)ntelligence, or (d)exterity?
 10387 | D:7      | Reached XP level 9. HP: 60/75 MP: 13/15
 10603 | D:7      | Noticed Prince Ribbit
 10608 | D:7      | Noticed a hornet
 10617 | D:7      | Killed a hornet
 10618 | D:7      | Reached skill level 5 in Armour
 10631 | D:7      | Killed Prince Ribbit
 10661 | D:7      | Reached skill level 5 in Spellcasting
 10676 | D:7      | Found a flagged portal.
 10927 | D:7      | Found a burning altar of Makhleb.
 10928 | D:7      | Found a blossoming altar of Fedhas.
 11055 | D:7      | Found Tivel's Jewellery Boutique.
 11108 | D:7      | Found a runed translucent door.
 11109 | D:7      | Noticed Crazy Yiuf
 11288 | D:8      | Reached skill level 7 in Fighting
 11370 | D:8      | Reached XP level 10. HP: 86/86 MP: 15/17
 12571 | D:8      | Found Qecan's Armour Boutique.
 12778 | D:3      | Bought a scroll of identify for 44 gold pieces
 12778 | D:3      | Bought a scroll of identify for 44 gold pieces
 12780 | D:3      | Bought a golden potion for 19 gold pieces
 12886 | D:1      | Bought a potion of curing for 30 gold pieces
 12886 | D:1      | Bought a potion of haste for 100 gold pieces
 13088 | D:7      | Found a broken altar of Ashenzari.
 13088 | D:7      | Found a sparkling altar of Nemelex Xobeh.
 13109 | D:9      | Noticed Maurice
 13707 | D:9      | Noticed a two-headed ogre
 13804 | D:9      | Killed Maurice
 14624 | D:9      | Found a staircase to the Orcish Mines.
 14669 | D:10     | Entered Level 10 of the Dungeon
 14669 | D:10     | Noticed a centaur warrior
 14669 | D:10     | Found a shimmering altar of Xom.
 14669 | D:10     | Found a shimmering blue altar of Sif Muna.
 14711 | D:10     | Found a transporter.
 14824 | D:10     | Found Utam's Assorted Antiques.
 14828 | D:10     | Bought a scroll of identify for 66 gold pieces
 15097 | D:10     | Found Qikaann's Demolitions Depot.
 15136 | D:10     | Reached skill level 8 in Fighting
 15138 | D:10     | Noticed Sonja
 15490 | D:10     | Noticed a two-headed ogre
 15544 | D:10     | Noticed a manticore
 15545 | D:10     | Found a transporter.
 15546 | D:10     | a manticore changed into a faun
 15546 | D:10     | Noticed a faun (shapeshifter)
 15669 | D:10     | Sonja changed into Sonja the death drake
 15669 | D:10     | Noticed Sonja
 15671 | D:10     | Sonja the death drake changed into Sonja the moth of wrath
 15671 | D:10     | Noticed Sonja
 15680 | D:10     | Killed Sonja the moth of wrath
 15774 | D:11     | Found a staircase to the Lair.
 15927 | D:11     | Noticed a cyclops
 16246 | D:11     | Reached XP level 11. HP: 83/95 MP: 19/19
 16307 | Lair:1   | Entered Level 1 of the Lair of Beasts
 16329 | D:11     | Noticed Grum
 16342 | D:11     | Noticed Snorg
 16540 | D:11     | Killed Grum
 16546 | D:11     | Learned a level 4 spell: Manifold Assault
 16641 | D:10     | Noticed an iron dragon
 16754 | Temple   | Became a worshipper of Vehumet
 16901 | D:11     | Snorg changed into Snorg the blink frog
 16901 | D:11     | Noticed Snorg
 16926 | D:11     | Killed Snorg the blink frog
 17038 | D:11     | Noticed Erolcha
 17054 | D:11     | Erolcha changed into Erolcha the golden eye
 17054 | D:11     | Noticed Erolcha
 17623 | D:11     | Noticed a two-headed ogre
 17703 | D:11     | Killed a cyclops
 17781 | D:10     | Killed Erolcha the golden eye
 18238 | D:11     | Killed a two-headed ogre
 18588 | D:11     | Noticed a white ugly thing
 18632 | D:11     | Learned a level 3 spell: Mephitic Cloud
 18817 | D:11     | Reached skill level 9 in Fighting
 18939 | D:12     | Found a snail-covered altar of Cheibriados.
 18945 | D:12     | Noticed a manticore
 18955 | D:12     | Killed a manticore
 18956 | D:12     | Reached skill level 1 in Conjurations
 18956 | D:12     | Reached skill level 1 in Air Magic
 18991 | D:12     | Noticed a deep elf pyromancer
 19006 | D:12     | Killed a deep elf pyromancer
 19166 | D:12     | Noticed a cyclops
 19176 | D:12     | Killed a cyclops
 19395 | D:12     | Noticed a two-headed ogre
 19404 | D:12     | Killed a two-headed ogre
 19832 | D:13     | a raiju changed into a fire crab
 19832 | D:13     | Noticed a fire crab (shapeshifter)
 20023 | D:13     | Reached * piety under Vehumet
 20023 | D:13     | Offered knowledge of Shock by Vehumet.
 20327 | D:13     | Noticed a sixfirhy
 20328 | D:13     | Noticed a sun demon
 20329 | D:13     | Reached XP level 12. HP: 96/105 MP: 21/21
 20419 | D:13     | Noticed a two-headed ogre
 20448 | D:13     | a two-headed ogre changed into a death drake
 20574 | Abyss:3  | Cast into level 3 of the Abyss (a wizard)
 20713 | Abyss:3  | Noticed a starcursed mass
 20831 | Abyss:3  | Noticed a naga warrior
 20831 | Abyss:3  | HP: 5/106 [constriction[a worldbinder] (1)]
 20832 | Abyss:3  | HP: 1/106 [constriction[a worldbinder] (4)]
 20833 | Abyss:3  | Constricted to death by a naga warrior

Illustrated notes

Levels and vault maps discovered:
D:1:      onia_arrival_pentagram, layout_basic, serial_shops, shop,
          feat_on_display
D:2:      layout_basic, nicolae_ecumenical_snake_handling, minmay_pentomino_w4
D:3:      layout_basic, serial_shops, nicolae_square_shop,
          minmay_fractal_squares_gapless_5, uniq_ijyb, uniq_natasha
D:4:      cheibrodos_thug_alley, layout_cave_pools, grunt_ministairs_14,
          minmay_door_square
D:5:      minmay_razor_zed, layout_gridville
D:6:      layout_loops_ring, gammafunk_temple_of_torment, hangedman_ru_absence,
          minmay_temple_entry_ruins, kennysheep_generic_room_2
D:7:      layout_basic, nicolae_overflow_hidden_temple, enter_bailey_2,
          serial_shops, kennysheep_mini_moat, uniq_crazy_yiuf_cottage,
          uniq_pikel, uniq_prince_ribbit1
D:8:      layout_basic, serial_shops, shop
D:9:      layout_stronghold, orc_0_dummy, evilmike_butchery, uniq_maurice
D:10:     layout_loops_ring, gammafunk_temple_overflow_arena, serial_shops,
          nicolae_shop_trees, nicolae_blasting_shop, uniq_sonja
D:11:     wad_arrow_thing, layout_rooms, erik_lair_orcish_takeover,
          portal_ice_cave_entry_ice_simulacra, uniq_grum, uniq_erolcha,
          uniq_snorg
D:12:     layout_stronghold, cheibriados_altar_1
D:13:     layout_basic, david_vaults_1
Temple:   hellmonk_temple_forest_ring
Lair:1:   layout_chaotic_city, cheibrodos_lair_lostbears,
          infiniplex_staircase_pool, grunt_megastairs_2, uniq_urug, uniq_amaemon
Abyss:3:  base: D:1, evilmike_abyss_exit_14

Skill      XL: |  1  2  3  4  5  6  7  8  9 10 11 12 |
---------------+-------------------------------------+-----
Armour         | 1 2 3 4 5 6 7 8 |  8.0
Polearms       | 2 3 5 7 8 |  8.2
Spellcasting   | 2 3 4 5 6 |  6.7
Translocations | 3 4 5 6 7 |  7.7
Fighting       | 3 4 6 7 8 9 |  9.8
Conjurations   | 2 |  2.9
Air Magic      | 2 |  2.9
Throwing       | |  0.8
Dodging        | |  1.7

Action                     |  1- 3 |  4- 6 |  7- 9 | 10-12 || total
---------------------------+-------+-------+-------+-------++-------
  Melee: Spear             |   137 |   149 |       |       ||   286
         Punch             |     1 |       |     5 |       ||     6
         Glaive            |       |    49 |   120 |   458 ||   627
         Trident           |       |   173 |       |       ||   173
         Dagger            |       |       |   289 |       ||   289
         Falchion          |       |       |    57 |       ||    57
  Throw: Dart              |       |    22 |    61 |   102 ||   185
         Boomerang         |       |     1 |     7 |    26 ||    34
   Cast: Blink             |       |       |       |     6 ||     6
         Teleport Other    |       |       |       |     1 ||     1
         Lesser Beckoning  |       |       |       |     3 ||     3
         Manifold Assault  |       |       |       |     1 ||     1
  Evoke: Wand              |       |     4 |       |    49 ||    53
    Use: Potion            |       |     1 |       |     4 ||     5
         Scroll            |       |     1 |     7 |    15 ||    23
   Stab: Sleeping          |       |     1 |     1 |       ||     2
         Distracted        |       |       |     1 |     1 ||     2
         Invisible         |       |       |     1 |     1 ||     2
 Armour: Leather armour    |    11 |    57 |       |       ||    68
         Scale mail        |    65 |    86 |       |       ||   151
         Ring mail         |       |    61 |   253 |   255 ||   569
  Dodge: Dodged            |    69 |   203 |   235 |   266 ||   773

Table legend: (Time is in decaauts)
 A = Elapsed time spent in this place.
 B = Non-inter-level travel time spent in this place.
 C = Inter-level travel time spent in this place.
 D = Time resting spent in this place.
 E = Time spent auto-exploring this place.
 F = Levels seen in this place.
 G = Mean time per level.
                   A        B        C        D        E       F      G
               +--------+--------+--------+--------+--------+-----+--------+
         Total |  21224 |  19588 |   1636 |   7253 |   6690 |  16 | 1326.5 |
       Dungeon |  20765 |  19171 |   1594 |   7066 |   6561 |  13 | 1597.3 |
        Temple |    184 |    142 |     42 |      0 |    129 |   1 |  184.0 |
          Lair |      1 |      1 |      0 |      0 |      0 |   1 |    1.0 |
         Abyss |    273 |    273 |      0 |    187 |      0 |   1 |  273.0 |
               +--------+--------+--------+--------+--------+-----+--------+

Top non-repeatable levels by time:
     D:3: 2432 daAuts
     D:5: 2167 daAuts
    D:10: 2068 daAuts
     D:4: 1951 daAuts
    D:11: 1829 daAuts
     D:6: 1802 daAuts
     D:9: 1504 daAuts
     D:8: 1383 daAuts
     D:1: 1355 daAuts
    D:12: 1225 daAuts
     D:7: 1168 daAuts
     D:2: 1161 daAuts
    D:13: 716 daAuts
 Abyss:3: 273 daAuts
  Temple: 184 daAuts
